TOP OF THE 1ST |
---|
Nevada Noise batting - Pitching for Maui Tropics : RHP Ronald Cotton | Pitching: RHP Ronald Cotton | | Batting: RHB Kenny Cole | 0-0: Called Strike 0-1: Ball 1-1: Ball 2-1: Fly out, F9 (Flyball, 9LS) | Batting: RHB Fernando Gálvez | 0-0: Foul Ball, location: 2F 0-1: Ball 1-1: Fly out, F8 (Line Drive, 8LM) | Batting: RHB Max Jones | 0-0: SINGLE (Groundball, 6MD) | Batting: LHB Milton Watson | 0-0: Ball Max Jones is caught stealing 2nd base | Top of the 1st over - 0 runs, 1 hit, 0 errors, 0 left on base; Nevada 0 - Maui 0 | BOTTOM OF THE 1ST |
---|
Maui Tropics batting - Pitching for Nevada Noise : LHP Sloan Sanders | Pitching: LHP Sloan Sanders | | Batting: RHB Roberto Gómez | 0-0: Called Strike 0-1: Ball 1-1: Ball 2-1: Ball 3-1: Swinging Strike 3-2: Base on Balls | Batting: RHB Matt Silver | 0-0: Called Strike 0-1: Ball 1-1: SINGLE (Line Drive, 34D) Roberto Gómez to second Runner from 2nd tries for 3rd, SAFE, throw made to third | Batting: RHB Jesús Espinoza | 0-0: Called Strike 0-1: Ball 1-1: 3-RUN HOME RUN (Line Drive, 7D), Distance : 401 ft | Batting: RHB Luis Alou | 0-0: Called Strike 0-1: Ball 1-1: Ball 2-1: Ball 3-1: Called Strike 3-2: SINGLE (Groundball, 23) (infield hit) | Batting: RHB Ximena Campos | 0-0: Foul Ball, location: 2F 0-1: 2-RUN HOME RUN (Flyball, 9LD), Distance : 367 ft | Batting: LHB Mark Everett | 0-0: Called Strike 0-1: Swinging Strike 0-2: Strikes out looking | Batting: LHB José Rivas | 0-0: Called Strike 0-1: Ball 1-1: Called Strike 1-2: Foul Ball, location: 2F 1-2: Strikes out swinging | Batting: LHB Mike Pearson | 0-0: Swinging Strike 0-1: Called Strike 0-2: Ball 1-2: Strikes out swinging | Bottom of the 1st over - 5 runs, 4 hits, 0 errors, 0 left on base; Nevada 0 - Maui 5 | TOP OF THE 2ND |
---|
Nevada Noise batting - Pitching for Maui Tropics : RHP Ronald Cotton | Batting: LHB Milton Watson | 0-0: Ball 1-0: Ball 2-0: Ball 3-0: Called Strike 3-1: Called Strike 3-2: SINGLE (Line Drive, 9S) | Batting: RHB Micheal Banks | 0-0: Ball 1-0: Called Strike 1-1: SINGLE (Groundball, 6MD) Milton Watson to second | Batting: LHB Caleb Hall | 0-0: Called Strike 0-1: Ball 1-1: Called Strike 1-2: Fly out, F7 (Flyball, 7LSF) | Batting: RHB Doug Brown | 0-0: Called Strike 0-1: Foul Ball, location: 2F 0-2: Strikes out swinging | Batting: RHB Mitsuoki Taguchi | 0-0: Ball 1-0: Ball Wild Pitch! Milton Watson to third Micheal Banks to second 2-0: Swinging Strike 2-1: Foul Ball, location: 2F 2-2: Strikes out swinging | Top of the 2nd over - 0 runs, 2 hits, 0 errors, 2 left on base; Nevada 0 - Maui 5 | BOTTOM OF THE 2ND |
---|
Maui Tropics batting - Pitching for Nevada Noise : LHP Sloan Sanders | Batting: LHB Don Hull | 0-0: Ball 1-0: Swinging Strike 1-1: SINGLE (Groundball, 34D) | Batting: RHB Roberto Gómez | 0-0: Ball 1-0: Foul Ball, location: 2F 1-1: Foul Ball, location: 2F 1-2: Strikes out looking | Batting: RHB Matt Silver | 0-0: Ball 1-0: Grounds into double play, 6-4-3 (Groundball, 56) | Bottom of the 2nd over - 0 runs, 1 hit, 0 errors, 0 left on base; Nevada 0 - Maui 5 | TOP OF THE 3RD |
---|
Nevada Noise batting - Pitching for Maui Tropics : RHP Ronald Cotton | Batting: RHB Gustavo Rodríguez | 0-0: Foul Ball, location: 2F 0-1: Called Strike 0-2: Strikes out looking | Batting: RHB Kenny Cole | 0-0: Ball 1-0: Called Strike 1-1: Ball 2-1: Swinging Strike 2-2: Fly out, F7 (Line Drive, 7S) | Batting: RHB Fernando Gálvez | 0-0: Foul Ball, location: 2F 0-1: Ball 1-1: Ground out 4-3 (Groundball, 4) | Top of the 3rd over - 0 runs, 0 hits, 0 errors, 0 left on base; Nevada 0 - Maui 5 | BOTTOM OF THE 3RD |
---|
Maui Tropics batting - Pitching for Nevada Noise : LHP Sloan Sanders | Batting: RHB Jesús Espinoza | 0-0: Foul Ball, location: 2F 0-1: Ball 1-1: Foul Ball, location: 2F 1-2: Strikes out looking | Batting: RHB Luis Alou | 0-0: SOLO HOME RUN (Flyball, 9D), Distance : 389 ft | Batting: RHB Ximena Campos | 0-0: Called Strike 0-1: Ball 1-1: Ground out 5-3 (Groundball, 5L) | Batting: LHB Mark Everett | 0-0: Swinging Strike 0-1: Ball 1-1: Ball 2-1: SINGLE (Line Drive, 8RS) | Batting: LHB José Rivas | 0-0: Called Strike 0-1: Ball 1-1: SINGLE (Line Drive, 4M) Mark Everett to second | Batting: LHB Mike Pearson | 0-0: Called Strike 0-1: Ground out 4-3 (Groundball, 34D) | Bottom of the 3rd over - 1 run, 3 hits, 0 errors, 2 left on base; Nevada 0 - Maui 6 | TOP OF THE 4TH |
---|
Nevada Noise batting - Pitching for Maui Tropics : RHP Ronald Cotton | Batting: RHB Max Jones | 0-0: Called Strike 0-1: Ball 1-1: Foul Ball, location: 2F 1-2: Ground out 6-3 (Groundball, 6M) | Batting: LHB Milton Watson | 0-0: Ball 1-0: Called Strike 1-1: Called Strike 1-2: Foul Ball, location: 2F 1-2: Ball 2-2: Ground out 6-3 (Groundball, 6M) | Batting: RHB Micheal Banks | 0-0: Called Strike 0-1: Swinging Strike 0-2: Ball 1-2: Ball 2-2: Strikes out swinging | Top of the 4th over - 0 runs, 0 hits, 0 errors, 0 left on base; Nevada 0 - Maui 6 | BOTTOM OF THE 4TH |
---|
Maui Tropics batting - Pitching for Nevada Noise : LHP Sloan Sanders | Batting: LHB Don Hull | 0-0: Ball 1-0: Ball 2-0: Ball 3-0: Called Strike 3-1: Foul Ball, location: 2F 3-2: Foul Ball, location: 2F 3-2: Strikes out swinging | Batting: RHB Roberto Gómez | 0-0: Called Strike 0-1: Swinging Strike 0-2: SINGLE (Flyball, 78S) | Batting: RHB Matt Silver | 0-0: Foul Ball, location: 2F 0-1: Ball 1-1: Ball 2-1: Ball 3-1: Base on Balls Roberto Gómez to second | Batting: RHB Jesús Espinoza | 0-0: Called Strike 0-1: Ball 1-1: Ball 2-1: Ball 3-1: Base on Balls Roberto Gómez to third Matt Silver to second | Pitching: RHP Ray McIntyre | | Batting: RHB Luis Alou | 0-0: Called Strike 0-1: Called Strike 0-2: Ball 1-2: Strikes out swinging | Batting: RHB Ximena Campos | 0-0: Fielders Choice at 2nd, 6-4 (Groundball, 6) | Bottom of the 4th over - 0 runs, 1 hit, 0 errors, 3 left on base; Nevada 0 - Maui 6 | TOP OF THE 5TH |
---|
Nevada Noise batting - Pitching for Maui Tropics : RHP Ronald Cotton | Pitching: RHP Manny Canseco | | Batting: LHB Caleb Hall | 0-0: Called Strike 0-1: Foul Ball, location: 2F 0-2: Foul Ball, location: 2F 0-2: Strikes out swinging | Batting: RHB Doug Brown | 0-0: Ball 1-0: Called Strike 1-1: Ball 2-1: Ball 3-1: Base on Balls | Batting: RHB Mitsuoki Taguchi | 0-0: Ball 1-0: Called Strike 1-1: Foul Ball, location: 2F 1-2: Foul Ball, location: 2F 1-2: Fly out, F9 (Flyball, 9LM) | Pitching: RHP Cliff Erwin | | Batting: RHB Gustavo Rodríguez | 0-0: Called Strike 0-1: Called Strike 0-2: Strikes out swinging | Top of the 5th over - 0 runs, 0 hits, 0 errors, 1 left on base; Nevada 0 - Maui 6 | BOTTOM OF THE 5TH |
---|
Maui Tropics batting - Pitching for Nevada Noise : RHP Ray McIntyre | Batting: LHB Mark Everett | 0-0: Swinging Strike 0-1: Ball 1-1: Ball 2-1: Ball 3-1: Base on Balls | Batting: LHB José Rivas | 0-0: Called Strike 0-1: Ball 1-1: Swinging Strike 1-2: Strikes out swinging | Batting: LHB Mike Pearson | 0-0: Called Strike 0-1: Ground out 3-1 (Groundball, 34S) Mark Everett to second | Batting: LHB Don Hull | 0-0: Ball 1-0: Called Strike 1-1: Called Strike 1-2: Ball 2-2: Foul Ball, location: 2F 2-2: Ball 3-2: Base on Balls | Pinch Hitting: LHB Dave Cook | 0-0: Ball 1-0: Swinging Strike 1-1: Ball 2-1: Ball 3-1: Called Strike 3-2: Fly out, F8 (Flyball, 8LM) | Bottom of the 5th over - 0 runs, 0 hits, 0 errors, 2 left on base; Nevada 0 - Maui 6 | TOP OF THE 6TH |
---|
Nevada Noise batting - Pitching for Maui Tropics : RHP Cliff Erwin | Now in RF: Dan Dunn | | Batting: RHB Kenny Cole | 0-0: Called Strike 0-1: Called Strike 0-2: Ball 1-2: Foul Ball, location: 2F 1-2: Strikes out swinging | Batting: RHB Fernando Gálvez | 0-0: Swinging Strike 0-1: Ball 1-1: SINGLE (Groundball, 34D) | Batting: RHB Max Jones | 0-0: Called Strike 0-1: Swinging Strike 0-2: Ball 1-2: Foul Ball, location: 2F 1-2: Fly out, F8 (Flyball, 8LM) | Batting: LHB Milton Watson | 0-0: Ball 1-0: Fly out, F7 (Flyball, 78D) | Top of the 6th over - 0 runs, 1 hit, 0 errors, 1 left on base; Nevada 0 - Maui 6 | BOTTOM OF THE 6TH |
---|
Maui Tropics batting - Pitching for Nevada Noise : RHP Ray McIntyre | Pinch Hitting: LHB Luis Antonio Torres | 0-0: Fly out, F4 (Popup, 13S) | Pinch Hitting: LHB Ernesto López | 0-0: Called Strike 0-1: Fly out, F7 (Line Drive, 7LM) | Pinch Hitting: RHB José Rodríguez | 0-0: Called Strike 0-1: Ball 1-1: Foul Ball, location: 2F 1-2: Ball 2-2: Ball 3-2: Strikes out looking | Bottom of the 6th over - 0 runs, 0 hits, 0 errors, 0 left on base; Nevada 0 - Maui 6 | TOP OF THE 7TH |
---|
Nevada Noise batting - Pitching for Maui Tropics : RHP Cliff Erwin | Now at 3B: Juan Medina | | Now at SS: Reynaldo Slomp | | Now in LF: José Rodríguez | | Batting: RHB Micheal Banks | 0-0: Called Strike 0-1: Foul Ball, location: 2F 0-2: Ball 1-2: Foul Ball, location: 2F 1-2: Fly out, F3 (Popup, 3F) | Batting: LHB Caleb Hall | 0-0: Called Strike 0-1: Ball 1-1: Ground out 4-3 (Groundball, 4) | Batting: RHB Doug Brown | 0-0: Called Strike 0-1: Called Strike 0-2: Ball 1-2: Ball 2-2: Ball 3-2: Base on Balls | Batting: RHB Mitsuoki Taguchi | 0-0: Ball 1-0: Fly out, F8 (Flyball, 8RD) | Top of the 7th over - 0 runs, 0 hits, 0 errors, 1 left on base; Nevada 0 - Maui 6 | BOTTOM OF THE 7TH |
---|
Maui Tropics batting - Pitching for Nevada Noise : RHP Ray McIntyre | Batting: RHB Ximena Campos | 0-0: SINGLE (Groundball, 6) (infield hit) | Pinch Hitting: RHB John Brown | 0-0: Ball 1-0: Foul Ball, location: 2F 1-1: Grounds into double play, 6-4-3 (Groundball, 6) | Batting: RHB Bo Vickers | 0-0: Ball 1-0: Ball 2-0: Called Strike 2-1: Foul Ball, location: 2F 2-2: Ball 3-2: Foul Ball, location: 2F 3-2: Base on Balls | Pinch Hitting: RHB Nick Simmons | 0-0: Swinging Strike 0-1: Foul Ball, location: 2F 0-2: Strikes out looking | Bottom of the 7th over - 0 runs, 1 hit, 0 errors, 1 left on base; Nevada 0 - Maui 6 | TOP OF THE 8TH |
---|
Nevada Noise batting - Pitching for Maui Tropics : RHP Cliff Erwin | Now at 1B: John Brown | | Now at 2B: Lonson Seals | | Batting: RHB Gustavo Rodríguez | 0-0: Ball 1-0: Ground out 6-3 (Groundball, 6S) | Pinch Hitting: RHB Luis Cruz | 0-0: Ball 1-0: Ball 2-0: Ball 3-0: Base on Balls | Pinch Hitting: LHB Bob Smith | 0-0: Ball 1-0: Ground out 3-1 (Groundball, 34S) Luis Cruz to second | Pinch Hitting: RHB Edward Young | 0-0: Foul Ball, location: 2F 0-1: Called Strike 0-2: Ball 1-2: Ball 2-2: Ball 3-2: Strikes out looking | Top of the 8th over - 0 runs, 0 hits, 0 errors, 1 left on base; Nevada 0 - Maui 6 | BOTTOM OF THE 8TH |
---|
Maui Tropics batting - Pitching for Nevada Noise : RHP Ray McIntyre | Pitching: LHP Ignacio Colón | | Now at 2B: Jorge Márquez | | Now in LF: Edward Young | | Now in CF: Luis Cruz | | Batting: LHB Don Hull | 0-0: Ball 1-0: Ball 2-0: Ball 3-0: Called Strike 3-1: Foul Ball, location: 2F 3-2: Foul Ball, location: 2F 3-2: Foul Ball, location: 2F 3-2: Foul Ball, location: 2F 3-2: Ground out U3 (Groundball, 34) | Batting: SHB Dan Dunn | 0-0: Ball 1-0: Ball 2-0: Ball 3-0: Base on Balls | Batting: LHB Juan Medina | 0-0: Ball 1-0: Called Strike 1-1: Swinging Strike 1-2: Fly out, F6 (Line Drive, 6) | Batting: RHB Reynaldo Slomp | 0-0: Foul Ball, location: 2F 0-1: Ball 1-1: Swinging Strike 1-2: Ball 2-2: Foul Ball, location: 2F 2-2: Fly out, F9 (Flyball, 9) | Bottom of the 8th over - 0 runs, 0 hits, 0 errors, 1 left on base; Nevada 0 - Maui 6 | TOP OF THE 9TH |
---|
Nevada Noise batting - Pitching for Maui Tropics : RHP Cliff Erwin | Pinch Hitting: SHB Víctor Serrano | 0-0: Ball 1-0: Ball 2-0: Ground out U3 (Groundball, 3) | Pinch Hitting: LHB Pablo Reyes | 0-0: Called Strike 0-1: Ball 1-1: SINGLE (Line Drive, 6MD) | Pinch Hitting: LHB José Román | 0-0: Swinging Strike 0-1: Ball 1-1: Fly out, F5 (Line Drive, 5) | Pinch Hitting: RHB Rich Ruffin | 0-0: Foul Ball, location: 2F 0-1: Called Strike 0-2: Ball 1-2: Strikes out looking | Top of the 9th over - 0 runs, 1 hit, 0 errors, 1 left on base; Nevada 0 - Maui 6 | |